 Dungeon Crawl Stone Soup version 0.19.0-19-g8c6edcc (webtiles) character file.

361 MovingMist the Digger (level 6, 0/32 HPs)
             Began as a Gargoyle Earth Elementalist on Nov 13, 2016.
             Slain by an orc (1 damage)
             ... on level 3 of the Dungeon.
             The game lasted 00:14:37 (2823 turns).

MovingMist the Digger (Gargoyle Earth Elementalist) Turns: 2823, Time: 00:14:38

Health: 0/32       AC:  9    Str: 11    XL:     6   Next: 66%
Magic:  0/13       EV: 12    Int: 18    God:
Gold:   213        SH:  0    Dex: 10    Spells: 4 memorised, 4 levels left

rFire  + . .     SeeInvis +     y - +0 dagger (venom)
rCold  x . .     Gourm    .     c - +0 robe
rNeg   + . .     Faith    .     (no shield)
rPois  ∞         Spirit   +     (no helmet)
rElec  +         Reflect  .     (no cloak)
rCorr  .         Harm     .     g - +2 pair of gloves
MR     .....                    (no boots)
Stlth  ++........               q - amulet of guardian spirit
                                F - ring of see invisible
                                a - ring of fire

@: no status effects
A: negative energy resistance 1, electricity resistance, unbreathing,
petrification resistance, rot immunity, AC +4
a: no special abilities


You were on level 3 of the Dungeon.
You were not hungry.

You visited 1 branch of the dungeon, and saw 6 of its levels.

You collected 213 gold pieces.

Inventory:

Hand Weapons
 y - a +0 dagger of venom (weapon)
Missiles
 b - 125 stones (quivered)
Armour
 c - a +0 robe (worn)
 g - a +2 pair of gloves (worn)
Jewellery
 a - a ring of fire (left hand)
 q - an amulet of guardian spirit (around neck)
 F - a ring of see invisible (right hand)
Wands
 I - a wand of lightning (4/15)
Scrolls
 f - a scroll of fear {unknown}
 h - 2 scrolls of magic mapping {unknown}
 i - 5 scrolls of remove curse {unknown}
 k - 13 scrolls of identify {unknown}
 m - a scroll of noise {unknown}
 v - 2 scrolls of teleportation {unknown}
 x - a scroll of enchant armour {unknown}
 z - a scroll of recharging {unknown}
 D - a scroll of fog {unknown}
 E - a scroll of random uselessness {unknown}
 H - a scroll of enchant weapon {unknown}
Potions
 j - a potion of resistance {unknown}
 l - a potion of lignification {unknown}
 n - 2 potions of haste {unknown}
 o - a potion of cure mutation {unknown}
 p - a potion of heal wounds {unknown}
 r - a potion of degeneration {unknown}
 s - 2 potions of curing {unknown}
 u - a potion of flight {unknown}
 w - 3 potions of brilliance {unknown}
 A - a potion of ambrosia {unknown}
 C - 2 potions of invisibility {unknown}
Books
 e - a book of Geomancy

   Spells                             Type                      Level
   a - Sandblast                      Earth                        1
   b - Passwall                       Transmutation/Earth          2
   c - Stone Arrow                    Conjuration/Earth            3
   d - Petrify                        Transmutation/Earth          4
   e - Lee's Rapid Deconstruction     Earth                        5
 G - a Necronomicon

   Spells                             Type                      Level
   a - Haunt                          Necromancy/Summoning         7
   b - Borgnjor's Revivification      Necromancy                   8
   c - Death's Door                   Charms/Necromancy            8
   d - Infestation                    Necromancy                   8
   e - Necromutation                  Transmutation/Necromancy     8
Comestibles
 d - a bread ration
 t - a chunk of flesh
 B - 2 meat rations


   Skills:
 + Level 3.0 Dodging
 - Level 2.1 Stealth
 * Level 4.7 Spellcasting
   Level 0.7 Transmutations
 + Level 5.2 Earth Magic


You had 4 spell levels left.
You knew the following spells:

 Your Spells              Type           Power        Failure   Level  Hunger
a - Sandblast             Erth           ###...       1%          1    None
b - Stone Arrow           Conj/Erth      ##....       17%         3    ###....
c - Apportation           Tloc           #.........   14%         1    None
d - Lee's Rapid Deconstr  Erth           ###.......   54%         5    ######.


Dungeon Overview and Level Annotations

Branches:
Dungeon (6/15)
 Temple: D:4-7

Altars:
Ru


Innate Abilities, Weirdness & Mutations

You are resistant to torment.
Your stone body is resilient. (AC +4)
You are immune to poison.
You resist negative energy. (rN+)
You are resistant to electric shocks. (rElec)
You can survive without breathing.
You are immune to petrification.
You are immune to rotting.


Message History

The orc is moderately wounded.
The orc priest mumbles some strange prayers to Beogh against you.
Beogh smites you! The orc barely misses you.
You hit the orc but do no damage.
The orc is poisoned.
The orc is moderately wounded.
The orc hits you but does no damage.
You barely miss the orc.
The orc is moderately wounded.
You hit the orc.
The orc is poisoned.
The orc is lightly wounded.
You hit the orc.
The orc looks even sicker.
The orc is heavily wounded.
The orc hits you but does no damage.
The orc priest invokes the aid of Beogh against you.
Beogh smites you!
* * * LOW HITPOINT WARNING * * *
You hit the orc but do no damage.
The orc looks as sick as possible!
The orc is heavily wounded.
The orc hits you.
You die...

#........#
#........##.#
######...[....##.#
#.............##.#
#.............##.#
#......##..#..##o#
#......###.#..##o#
#....(.# #....##o#
###########...##@#
..............##.#
############.###.#
#>....# #######


You could see an orc priest and 2 orcs.

Vanquished Creatures
  A quasit (D:5)
  A hound (D:4)
  Jessica (D:2)
  An iguana (D:4)
  2 orc wizards (D:3)
  2 worker ants (D:4)
  6 adders
  3 worms
  A dart slug (D:3)
  4 leopard geckos (D:1)
  15 orcs
  10 bats
  2 giant cockroaches
  5 hobgoblins
  2 jackals (D:1)
  4 kobolds
  4 frilled lizards
  5 goblins
  5 rats
74 creatures vanquished.

Notes
Turn   | Place    | Note
-------+----------+-------------------------------------------
     0 | D:1      | MovingMist the Gargoyle Earth Elementalist began the quest for the Orb.
     0 | D:1      | Reached XP level 1. HP: 10/10 MP: 3/3
    39 | D:1      | Reached XP level 2. HP: 13/15 MP: 0/5
   192 | D:1      | Reached skill level 4 in Earth Magic
   313 | D:1      | Reached XP level 3. HP: 13/19 MP: 5/7
   725 | D:2      | Learned a level 3 spell: Stone Arrow
   923 | D:2      | Found a sacrificial altar of Ru.
   935 | D:2      | Noticed Jessica
   955 | D:2      | Killed Jessica
   955 | D:2      | Reached XP level 4. HP: 10/24 MP: 0/8
  1454 | D:3      | Reached XP level 5. HP: 24/28 MP: 2/10
  1503 | D:3      | You fall through a shaft for 3 floors!
  1538 | D:5      | Entered Level 5 of the Dungeon
  1712 | D:5      | Learned a level 1 spell: Apportation
  1737 | D:5      | Noticed a phantom
  1891 | D:4      | Reached XP level 6. HP: 19/32 MP: 4/12
  2034 | D:4      | Reached skill level 5 in Earth Magic
  2492 | D:3      | Learned a level 5 spell: Lee's Rapid Deconstruction
  2822 | D:3      | HP: 1/32 [orc priest/divine providence (12)]
  2823 | D:3      | Slain by an orc

Skill      XL: |  1  2  3  4  5  6 |
---------------+-------------------+-----
Earth Magic    | 4 5 |  5.2
Dodging        | 2 3 |  3.0
Spellcasting   | 3 4 |  4.7
Stealth        | |  2.1
Transmutations | |  0.7

Action                   |  1- 3 |  4- 6 || total
-------------------------+-------+-------++-------
Melee: Dagger            |    56 |   126 ||   182
 Cast: Sandblast         |    41 |    68 ||   109
       Stone Arrow       |     1 |    10 ||    11
       Lee's Rapid Decon |       |     2 ||     2
Evoke: Wand              |       |     1 ||     1
 Stab: Sleeping          |     1 |     1 ||     2
  Eat: Chunk             |     1 |     7 ||     8
       Bread ration      |       |     1 ||     1
Armor: Robe              |    46 |    74 ||   120
Dodge: Dodged            |    76 |   126 ||   202
